 Dungeon Sprint DCSS version 0.20.1-1-g8b1a95d (webtiles) character file.

1460 potatolord6000 the Fighter (level 8, 0/70 HPs)
             Began as a Demonspawn Gladiator on Aug 25, 2017.
             Was an Initiate of Qazlal.
             Slain by a tentacle (21 damage)
             ... attached to a kraken
             ... in the Dungeon (Sprint II: "The Violet Keep of Menkaure").
             The game lasted 00:05:15 (675 turns).

potatolord6000 the Fighter (Demonspawn Gladiator)    Turns: 675, Time: 00:05:15

Health: 0/70       AC:  8    Str: 16    XL:     8   Next: 48%
Magic:  9/9        EV: 17    Int: 15    God:    Qazlal [......]
Gold:   545        SH:  0    Dex: 16    Spells: 9/9 levels left

rFire    + . .     SeeInvis .   a - +0 quarterstaff
rCold    . . .     Gourm    .   (shield currently unavailable)
rNeg     . . .     Faith    .   e - +1 leather armour "Qiac" {Int+6} (curse)
rPois    .         Spirit   .   c - +0 helmet
rElec    .         Reflect  .   g - +0 cloak {MR+}
rCorr    .         Harm     .   (no gloves)
MR       +....     NoTele   +   (no boots)
Stlth    ++........             (no amulet)
Regen    0.3/turn               (no ring)
MPRegen  0.2/turn               (no ring)

@: very slow
A: thin metallic scales 1, fire resistance 1, spiny 1, MP-powered wands
a: Renounce Religion


You were in the Dungeon.
You worshipped Qazlal.
Qazlal was noncommittal.
You were not hungry.

You visited 1 branch You collected 972 gold pieces.
You spent 427 gold pieces at shops.

Inventory:

Hand Weapons
 a - a +0 quarterstaff (weapon)
Armour
 c - a +0 helmet (worn)
 e - the cursed +1 leather armour "Qiac" (worn) {Int+6}
   (You bought it in a shop in the Dungeon)

   It affects your intelligence (+6).
   It has a curse placed upon it.
 g - a +0 cloak of magic resistance (worn)
Scrolls
 k - a scroll of blinking
Potions
 i - 2 potions of magic
Comestibles
 f - a bread ration


   Skills:
 + Level 8.8 Fighting
 + Level 8.3 Staves
 - Level 7.9 Throwing
 + Level 8.3 Dodging
 + Level 8.5 Stealth
 + Level 1.2 Spellcasting


You had 9 spell levels left.
You didn't know any spells.

Dungeon Overview and Level Annotations

Branches:
Dungeon (1/1)

Altars:
Cheibriados
Dithmenos
Elyvilon
Fedhas
Gozag
Hepliaklqana
Kikubaaqudgha
Makhleb
Nemelex Xobeh
Okawaru
Qazlal
Ru
Sif Muna
Trog
Uskayaw
Vehumet
Xom
Yredelemnul
Zin
The Shining One
Beogh
Jiyva
Lugonu

Shops:
D :%=!:([=[?[%%!(}

Annotations:
D exclusion: oklob plant


Innate Abilities, Weirdness & Mutations

You are partially covered in thin metallic scales. (AC +2)
Your flesh is heat resistant. (rF+)
You are partially covered in sharp spines.
You expend magic power (3 MP) to strengthen your wands.


Message History

The polar bear barely misses you.
Found six items.
The polar bear is struck by your spines.
The polar bear misses you. The polar bear completely misses you.
The polar bear misses you.
A kraken comes into view.
The yaktaur shouts!
Tentacles burst out of the water!
The polar bear bites you. The polar bear completely misses you.
The polar bear misses you.
A tentacle comes into view.
The tentacle slaps you! The tentacle slaps you.
Your unstable footing causes you to fumble your attack.
The tentacle is struck by your spines. The tentacle slaps you!
The polar bear is struck by your spines.
The polar bear barely misses you. The polar bear misses you.
The polar bear claws you but does no damage.
The tentacle slaps you!
* * * LOW HITPOINT WARNING * * *
You open the door. The tentacle slaps you!!
You die...

+.### |▓!(!![!?)▓▓ ...#
##▓=$)$?$)!▓▓ # #..#
$#▓)!)(??!!▓▓ # +..#
.#▓!?)?(?($▓▓ # #..#
y#▓?)$)?)!(▓▓
####..##.#▓$()(?(%?▓▓
..###...##▓▓▓▓▓▓▓'▓▓▓▓+▓
....≈≈≈≈≈≈≈≈≈cyh@w─.X≈≈▓
....≈#+########+###Vww≈▓
≈≈..≈#.._..._.#§§§# ≈≈▓
≈≈≈.≈#._._._..#§≈§≈# ▓
≈≈§§≈#_._._._.#§≈≈§≈#
≈≈≈≈≈#._._._._#§≈t§§§
≈≈≈≈§#.._._._.#≈§§§
###≈§#..._._._#≈t≈ #
#≈≈#...._._.#§


You could see a kraken, 3 tentacles, a polar bear, a yaktaur and a hornet.

Vanquished Creatures
  A merfolk siren (D)
  4 neqoxecs (D)
  A vampire mosquito (D)
  Menkaure (D)
  4 necrophages (D)
  2 worms (D)
13 creatures vanquished.

Vanquished Creatures (others)
  A crocodile (D)
  A tentacle (D)
2 creatures vanquished.

Grand Total: 15 creatures vanquished

Notes
Turn   | Place    | Note
-------+----------+-------------------------------------------
     0 | D        | potatolord6000 the Demonspawn Gladiator began the quest for the Orb.
     0 | D        | Reached XP level 1. HP: 16/16 MP: 1/1
     1 | D        | Noticed a necrophage
     1 | D        | Noticed a necrophage
     1 | D        | Noticed a necrophage
     1 | D        | Noticed a necrophage
     7 | D        | Killed a necrophage
     7 | D        | Gained mutation: Your flesh is heat resistant. (rF+) [demonic ancestry]
     7 | D        | Reached XP level 2. HP: 7/23 MP: 2/2
     7 | D        | Reached XP level 3. HP: 8/28 MP: 3/3
     7 | D        | Gained mutation: You are partially covered in sharp spines. [demonic ancestry]
     7 | D        | Reached XP level 4. HP: 10/35 MP: 4/4
    20 | D        | Killed a necrophage
    20 | D        | Reached skill level 5 in Fighting
    20 | D        | Reached skill level 5 in Staves
    20 | D        | Reached skill level 5 in Dodging
    20 | D        | Gained mutation: You are partially covered in thin metallic scales. (AC +2) [demonic ancestry]
    20 | D        | Reached XP level 5. HP: 9/43 MP: 5/5
    26 | D        | Killed a necrophage
    26 | D        | Reached skill level 5 in Throwing
    26 | D        | Reached skill level 5 in Stealth
    31 | D        | Killed a necrophage
    31 | D        | Reached XP level 6. HP: 40/53 MP: 6/6
    39 | D        | Noticed a neqoxec
    51 | D        | Killed a neqoxec
    52 | D        | Noticed a neqoxec
    52 | D        | Noticed a neqoxec
    53 | D        | Noticed a neqoxec
    61 | D        | Killed a neqoxec
    61 | D        | Reached XP level 7. HP: 31/60 MP: 7/7
    69 | D        | Killed a neqoxec
    72 | D        | Gained mutation: You expend magic power (3 MP) to strengthen your wands. [a neqoxec]
    75 | D        | Killed a neqoxec
   350 | D        | Noticed a merfolk siren
   360 | D        | Killed a merfolk siren
   360 | D        | Reached XP level 8. HP: 69/69 MP: 8/8
   401 | D        | Found Opaxzuziop's Gadget Shop.
   401 | D        | Found Ivaiwkab's Food Boutique.
   401 | D        | Found Cygamn's Food Shop.
   401 | D        | Found Ucselic's Antique Armour Boutique.
   401 | D        | Found Baisibb's Jewellery Shop.
   401 | D        | Found Tiyb's Antique Armour Shop.
   401 | D        | Found Josh's Antique Armour Boutique.
   402 | D        | Found Rant's Weapon Boutique.
   402 | D        | Found Ozxo's Book Shop.
   402 | D        | Found Lusegoc's Distillery.
   402 | D        | Found Naif's Distillery.
   403 | D        | Found Pocin's Jewellery Shop.
   403 | D        | Found Iqulydal's Food Boutique.
   403 | D        | Noticed a spiny frog
   404 | D        | Found Yteabruom's Antique Weapon Boutique.
   404 | D        | Found Vitoptir's Magic Scroll Shop.
   405 | D        | Noticed a spiny frog
   407 | D        | Noticed a fire dragon
   407 | D        | Noticed Menkaure
   407 | D        | Noticed an oklob plant
   408 | D        | Found Syroh's Book Shoppe.
   426 | D        | Killed Menkaure
   433 | D        | Noticed an ice dragon
   445 | D        | Bought a faintly glowing leather armour for 210 gold pieces
   451 | D        | Bought a runed cloak for 217 gold pieces
   462 | D        | Identified the cursed +1 leather armour "Qiac" {Int+6} (You bought it in a shop in the Dungeon)
   616 | D        | Reached skill level 1 in Spellcasting
   629 | D        | Noticed an obsidian statue
   641 | D        | Found a roughly hewn altar of Beogh.
   642 | D        | Found a hazy altar of Hepliaklqana.
   642 | D        | Found a snail-covered altar of Cheibriados.
   643 | D        | Found a stormy altar of Qazlal.
   643 | D        | Found a viscous altar of Jiyva.
   643 | D        | Found a shadowy altar of Dithmenos.
   644 | D        | Found a sacrificial altar of Ru.
   644 | D        | Found an ancient bone altar of Kikubaaqudgha.
   644 | D        | Found a white marble altar of Elyvilon.
   646 | D        | Found a deep blue altar of Sif Muna.
   646 | D        | Found a corrupted altar of Lugonu.
   646 | D        | Found a blossoming altar of Fedhas.
   648 | D        | Found a shimmering altar of Xom.
   648 | D        | Found a bloodstained altar of Trog.
   648 | D        | Found a burning altar of Makhleb.
   649 | D        | Found a glowing golden altar of the Shining One.
   649 | D        | Found a basalt altar of Yredelemnul.
   649 | D        | Found a hide-covered altar of Uskayaw.
   650 | D        | Found a glowing silver altar of Zin.
   650 | D        | Found a radiant altar of Vehumet.
   650 | D        | Noticed a polar bear
   652 | D        | Found a sparkling altar of Nemelex Xobeh.
   652 | D        | Noticed a hornet
   653 | D        | Found an opulent altar of Gozag.
   653 | D        | Found an iron altar of Okawaru.
   653 | D        | Noticed a yaktaur
   657 | D        | Became a worshipper of Qazlal Stormbringer
   665 | D        | Noticed a polar bear
   671 | D        | Noticed a kraken
   675 | D        | Slain by a tentacle

Skill      XL: |  1  2  3  4  5  6  7  8 |
---------------+-------------------------+-----
Fighting       | 4 5 6 7 8 |  8.8
Staves         | 4 5 6 8 |  8.3
Throwing       | 3 4 5 6 7 |  7.9
Dodging        | 4 5 6 8 |  8.3
Stealth        | 3 4 5 6 8 |  8.5
Spellcasting   | 1 |  1.2

Action                   |  1- 3 |  4- 6 |  7- 9 || total
-------------------------+-------+-------+-------++-------
Melee: Quarterstaff      |     5 |    40 |    47 ||    92
  Use: Potion            |     1 |     2 |     1 ||     4
 Stab: Sleeping          |       |     1 |     2 ||     3
Armor: Leather armour    |       |     1 |     7 ||     8
Dodge: Dodged            |       |    14 |    31 ||    45
